Workbook

Sheet Works
F2: PROCUREMENT PLAN
A3: 1 | B3: General | C3: Fill gray cells only!
B4: Country/Organisation:
B5: Project/Programme Description
B6: Project/Programme SAP Identification #
B7: Loan #:
B8: Executing Agency:
B9: Approval Date of Procurement Plan:
B10: Date of General Procurement Notice:
B11: Advance Contracting
B12: Period Covered by these Proc. Plans:
B14: Prior Review Threshold: | C14: Procurement decisions subject to Prior Review by the Bank as
C15: stated in Annex B5 of the Appraisal Report
G17: 2. WORKS
A18: 2 | B18: Works (see Note 1)
C19: Prior review
B20: Procurement Method | C20: Threshold | G20: Comments
C21: (UA$equiv.)
A30: 3 | B30: Procurement Packages with Methods and Time Schedule | C30: Basic Data | O30: Bid Documents | Q30: Pre-Qualification | S30: Pre-Qualification | U30: Bidding Period | W30: Bid Evaluation | Y30: Draft Contract | AA30: Contract Award | AD30: Contract Implementation
B31: Description* | C31: Lot Number | D31: SPN/IFP Received | E31: SPN/IFP No-Objection Date | F31: SPN/IFP Publication Date (UNDB) | G31: Estimated Amount in Currcy (000) | H31: Lumpsum or Unit Rate | I31: Procurement Method | J31: Pre-Qualification (Y/N) | K31: Dom/Reg. Preference (Y/N) | L31: Prior or Post Review | M31: Bid Closing Date | N31: Plan/ Revised/ Actual | O31: Bid Documents Received | P31: No- Objection Date | Q31: PQ Doc Issued | R31: Closing Date | S31: Evaluation Report Received | T31: No- Objection Date | U31: Bid Invitation Date | V31: Bid Closing-Opening | W31: Bid Evaluation Report Received | X31: No- Objection Date | Y31: Draft Contract Received | Z31: No- Objection Date | AA31: Contract Amount in UA(000) | AB31: Date Contract Award | AC31: Date Contract Signature | AD31: Start Date | AE31: End Date
N32: Plan
N33: Revised
N34: Actual
N36: Plan
N37: Revised
N38: Actual
N40: Plan
N41: Revised
N42: Actual
N44: Plan
N45: Revised
N46: Actual
... N70: Actual
B71: Total Cost | J71: =J32+J36+J40+J44+J48+J52+J56+J60+J64+J68 -> 0 | N71: Plan | AA71: =AA32+AA36+#REF!+AA44+AA48+AA52+AA56+AA60+AA64+AA68 -> #REF!
J72: =J33+J37+J41+J45+J49+J53+J57+J61+J65+J69 -> 0 | N72: Revised
J73: =J34+J38+J42+J46+J50+J54+J58+J62+J66+J70 -> 0 | N73: Actual | AA73: =AA34+AA38+AA42+AA46+AA50+AA54+AA58+AA62+AA66+AA70 -> 0
B75: Note 1. (Supplementary information concerning Procurement of Works, such as Pre-qualification or any other Special Procurement Arrangement)
L78: Page 1/X

Sheet Consultants
F2: PROCUREMENT PLAN
A3: 1 | B3: General
B4: Country/Organisation: | C4: BOTSWANA GOVERNMENT
B5: Project/Programme Description | C5: BOTSWANA RENEWABLE ENERGY SUPPORT PROJECT
B6: Project/Programme SAP Identification # | C6: P-BW-FA0-002
B7: Grant #: | C7: 5590155000101
B8: Executing Agency: | C8: BOTSWANA REGULATORY AUTHORITY (BERA)
B9: Approval Date of Procurement Plan: | C9: 22 February 2024
B10: Date of General Procurement Notice: | C10: 21 February 2022
B11: Advance Contracting | C11: N/A
B12: Period Covered by these Proc. Plans: | C12: 19 July 2023 to 31 December 2024
B13: Procurement Plan Updated date: | C13: 16 February 2024
B14: Prior Review Threshold: | C14: Procurement decisions subject to Prior Review by the Bank as
C15: stated in the Appraisal Report
A18: 2 | B18: Consultants
E20: Prior review
B21: Selectiont Method | E21: Threshold | F21: Comments
E22: (USD)
B23: 1. QCBS and LCS | D23: Above | E23: 100000 | F23: All contracts will be prior reviewed
B24: 2. QCBS and LCS | D24: Below | E24: 100000 | F24: Three first contracts
B25: 3. Individual Consultants | D25: Above | E25: 50000 | F25: All contracts will be prior reviewed
B26: 4. Individual Consultants | D26: Below | E26: 50000 | F26: First Three contracts
B27: 5. Single Source Selection and Direct Contracting | D27: - | E27: - | F27: All contracts
A30: 3 | B30: Procurement Packages with Methods and Time Schedule | C30: Basic Data | K30: Request for Expression of Interest | M30: Terms of Reference | O30: Short List | Q30: Request for Proposal | S30: Proposal Period | U30: Bid Evaluation Technical (T) & Financial (F) | Z30: Draft Contract | AC30: Contract Award | AG30: Contract Implementation
B31: Description* | C31: Date EOI Received | D31: Date No-Objection | E31: Selection Method | F31: Lumpsum or Time-Based | G31: Estimated Amount in USD | H31: Prior/Post Review | I31: Bid Closing Date | J31: Plan/ Revised/ Actual | K31: Date Published | L31: Closing Date | M31: Date Received | N31: Date No-Objection | O31: Date Received | P31: Date No-Objection | Q31: Date Received | R31: Date No-Objection | S31: Issuance Date | T31: Submission/ Opening Date | U31: Submission Evaluation Report (T) | V31: No-objection Evaluation Report (T) | W31: Opening Financial Proposals | X31: Submission Evaluation Report (T & F) | Y31: No-objection Evaluation Report (T & F) | Z31: Draft Contract Received | AA31: Draft Contract Amount in USD | AB31: Date No-Objection | AC31: Final Contract Received | AD31: Contract Amount in USD | AE31: Contract Award Date | AF31: Contract Signature | AG31: Start Date | AH31: End Date
A32: 1 | B32: Consultancy service for Operationalization of policy and regulatory framework for IRP implementation / Development of regulatory instruments and technical studies to support IPP facilitation roll out: Grid Code, Electricity Cost of Service Studies; and Licensing Frameworks | C32: 44585 | D32: 44587 | E32: QCBS | F32: Lumpsum | G32: 985000 | H32: Prior | I32: =T32 -> 6-May-22 | J32: Plan | K32: 44582 | L32: 44606 | M32: 44582 | N32: 44584 | O32: 24-Feb-22 | P32: 44620 | Q32: 10-03-22 | R32: 13-03-22 | S32: 44635 | T32: 6-May-22 | U32: 13-May-22 | V32: 16-May-22 | W32: 44701 | Z32: 44703 | AA32: =G32 -> 985000 | AB32: 27-May-22 | AC32: 27-May-22 | AD32: =G32 -> 985000 | AE32: 27-May-22 | AF32: 01-June-22 | AG32: 01-June-22 | AH32: 44913
A33: 1 | C33: =K33-5 -> 44610 | D33: =+C33+2 -> 44612 | E33: QCBS | F33: Lumpsum | G33: 985000 | H33: Prior | I33: =S33+34 -> 44695 | J33: Revised | K33: 44615 | L33: =+K33+14 -> 44629 | M33: 44620 | N33: =M33+7 -> 44627 | O33: =L33+15 -> 44644 | P33: =+O33+15 -> 44659 | Q33: =O33 -> 44644 | R33: =P33 -> 44659 | S33: =+R33+2 -> 44661 | T33: =I33+5 -> 44700 | U33: =T33+21 -> 44721 | V33: =+U33+7 -> 44728 | W33: =+V33+5 -> 44733 | Z33: =W33+15 -> 44748 | AA33: =G33 -> 985000 | AB33: =Z33+7 -> 44755 | AC33: =AB33+3 -> 44758 | AD33: =G33 -> 985000 | AE33: =AC33 -> 44758 | AF33: =AE33+5 -> 44763 | AG33: =AF33 -> 44763 | AH33: 45443
C34: 44607 | D34: 44616 | E34: QCBS | F34: Lumpsum | G34: 403000 | H34: Post Review | I34: 44634 | J34: Revised | K34: 44617 | L34: 44634 | M34: 44607 | N34: 44616 | O34: 44678 | P34: 44771 | Q34: 44678 | R34: 44771 | S34: 44771 | T34: 44823 | U34: 44846 | V34: 44855 | W34: 44873 | X34: 44910 | Y34: 44924 | Z34: 44909 | AA34: 403000 | AB34: 44924 | AC34: 45037 | AD34: 403000 | AE34: 45007 | AF34: 45013 | AG34: 45030
C35: N/A | D35: N/A | E35: QCBS | F35: Lumpsum | G35: 130000 | H35: Post Review | I35: N/A | J35: Revised | K35: N/A | L35: N/A | M35: N/A | N35: N/A | O35: N/A | P35: N/A | Q35: N/A | R35: N/A | S35: N/A | T35: N/A | U35: N/A | V35: N/A | W35: N/A | X35: N/A | Y35: N/A | Z35: 45331 | AA35: 533800 | AB35: =Z35+5 -> 45336 | AC35: =AB35+5 -> 45341 | AD35: 533800 | AE35: N/A | AF35: =AC35 -> 45341 | AG35: =AF35+10 -> 45351 | AH35: 45641
A37: 2 | B37: Consultancy Service for Procurement & Financial Audit of the entire Project | C37: =K37-5 -> 44875 | D37: =+C37+2 -> 44877 | E37: LCS | F37: Lumpsum | G37: 15000 | H37: Prior | I37: =S37+34 -> 44945 | J37: Plan | K37: =M37 -> 44880 | L37: =+K37+14 -> 44894 | M37: 44880 | N37: =M37+7 -> 44887 | O37: =L37+15 -> 44909 | P37: N/A | Q37: =O37 -> 44909 | R37: =P37 -> N/A | S37: =+Q37+2 -> 44911 | T37: =I37+5 -> 44950 | U37: =T37+21 -> 44971 | V37: N/A | W37: =+U37+5 -> 44976 | Z37: =W37+15 -> 44991 | AA37: =G37 -> 15000 | AB37: =Z37+7 -> 44998 | AC37: =AB37+3 -> 45001 | AD37: =G37 -> 15000 | AE37: =AC37 -> 45001 | AF37: =AE37+5 -> 45006 | AG37: =AF37 -> 45006 | AH37: =AG37+90 -> 45096
C38: =K38-5 -> 45309 | D38: =+C38+2 -> 45311 | E38: LCS | F38: Lumpsum | G38: 15000 | H38: Prior | I38: =S38+34 -> 45379 | J38: Revised | K38: =M38 -> 45314 | L38: =+K38+14 -> 45328 | M38: 45314 | N38: =M38+7 -> 45321 | O38: =L38+15 -> 45343 | P38: N/A | Q38: =O38 -> 45343 | R38: =P38 -> N/A | S38: =+Q38+2 -> 45345 | T38: =I38+5 -> 45384 | U38: =T38+21 -> 45405 | V38: N/A | W38: =+U38+5 -> 45410 | Z38: =W38+15 -> 45425 | AA38: =G38 -> 15000 | AB38: =Z38+7 -> 45432 | AC38: =AB38+3 -> 45435 | AD38: =G38 -> 15000 | AE38: =AC38 -> 45435 | AF38: =AE38+5 -> 45440 | AG38: =AF38 -> 45440 | AH38: =AG38+90 -> 45530
J39: Actual
A41: 3 | B41: Consultancy Service for Electricity Sector Industry Reform Strategy | C41: 45331 | D41: =C41+7 -> 45338 | E41: QCBS | F41: Lumpsum | G41: 452000 | H41: Prior | I41: =S41+34 -> 45434 | J41: Plan | K41: 45337 | L41: 45359 | M41: 45337 | N41: 45345 | O41: 45380 | P41: 45397 | Q41: =O41 -> 45380 | R41: =P41 -> 45397 | S41: =R41+3 -> 45400 | T41: =I41+9 -> 45443 | U41: =T41+21 -> 45464 | V41: =U41+10 -> 45474 | W41: =V41+8 -> 45482 | X41: 45520 | Y41: 45534 | Z41: =X41-1 -> 45519 | AB41: =Y41+10 -> 45544 | AC41: =AB41+4 -> 45548 | AE41: =AC41+4 -> 45552 | AF41: =AE41+6 -> 45558 | AG41: =AF41+7 -> 45565 | AH41: 45838
B45: Note 1. Details will be provided during implementation.
G46: =G41+G38+G35+G34 -> 1000000

Sheet Consultants Web Template
F2: PROCUREMENT PLAN
A3: 1 | B3: General | C3: Fill gray cells only!
B4: Country/Organisation: | C4: =Consultants!C4 -> BOTSWANA GOVERNMENT
B5: Project/Programme Description | C5: =Consultants!C5 -> BOTSWANA RENEWABLE ENERGY SUPPORT PROJECT
B6: Project/Programme SAP Identification # | C6: =Consultants!C6 -> P-BW-FA0-002
B7: Grant #: | C7: =Consultants!C7 -> 5590155000101
B8: Executing Agency: | C8: =Consultants!C8 -> BOTSWANA REGULATORY AUTHORITY (BERA)
B9: Approval Date of Procurement Plan: | C9: =Consultants!C9 -> 22 February 2024
B10: Date of General Procurement Notice: | C10: =Consultants!C10 -> 21 February 2022
B11: Advance Contracting | C11: =Consultants!C11 -> N/A
B12: Period Covered by these Proc. Plans: | C12: =Consultants!C12 -> 19 July 2023 to 31 December 2024
B14: Prior Review Threshold: | C14: Procurement decisions subject to Prior Review by the Bank as
C15: stated in Annex B5 of the Appraisal Report
F17: 3. CONSULTANTS
A18: 2 | B18: Consultants (see Note 1)
B20: Selectiont Method | C20: Prior Review Threshold in UA | F20: Comments
B23: =Consultants!B23 -> 1. QCBS and LCS | C23: =Consultants!E23 -> 100000 | F23: =Consultants!F23 -> All contracts will be prior reviewed
B24: =Consultants!B24 -> 2. QCBS and LCS | C24: =Consultants!E24 -> 100000 | F24: =Consultants!F24 -> Three first contracts
B25: =Consultants!B25 -> 3. Individual Consultants | C25: =Consultants!E25 -> 50000 | F25: =Consultants!F25 -> All contracts will be prior reviewed
B26: =Consultants!B26 -> 4. Individual Consultants | C26: =Consultants!E26 -> 50000 | F26: =Consultants!F26 -> First Three contracts
B27: =Consultants!B27 -> 5. Single Source Selection and Direct Contracting | C27: =Consultants!E27 -> -
A30: 3 | B30: Procurement Packages with Methods and Time Schedule | C30: Basic Data
B31: Description* | C31: Date EOI Received | D31: Date No-Objection | E31: Selection Method | F31: Lumpsum or Time-Based | G31: Estimated Amount in Currcy (000) | H31: Prior/Post Review | I31: Bid Closing Date | J31: Plan/ Revised/ Actual
B32: =Consultants!B32 -> Consultancy service for Operationalization of policy and regulatory framework for IRP implementation / Development of regulatory instruments and technical studies to support IPP facilitation roll out: Grid Code, Electricity Cost of Service Studies; and Licensing Frameworks | C32: 44585 | D32: 44587 | E32: QCBS | F32: Lumpsum | G32: 985000 | H32: Prior | I32: 6-May-22 | J32: Plan
C33: =Consultants!C33 -> 44610 | D33: =Consultants!D33 -> 44612 | E33: =Consultants!E33 -> QCBS | F33: =Consultants!F33 -> Lumpsum | G33: =Consultants!G33 -> 985000 | H33: =Consultants!H33 -> Prior | I33: =Consultants!I33 -> 44695 | J33: Revised
J34: Actual
B36: =Consultants!B37 -> Consultancy Service for Procurement & Financial Audit of the entire Project | C36: =Consultants!C37 -> 44875 | D36: =Consultants!D37 -> 44877 | E36: =Consultants!E37 -> LCS | F36: =Consultants!F37 -> Lumpsum | G36: =Consultants!G37 -> 15000 | H36: =Consultants!H37 -> Prior | I36: =Consultants!I37 -> 44945 | J36: Plan
C37: 45309 | D37: =C37+2 -> 45311 | E37: LCS | F37: Lumpsum | G37: 15000 | H37: Prior | I37: 45379 | J37: Revised
J38: Actual
B40: Consultancy Service for Electricity Sector Industry Reform Strategy | C40: =Consultants!C41 -> 45331 | D40: =Consultants!D41 -> 45338 | E40: =Consultants!E41 -> QCBS | F40: =Consultants!F41 -> Lumpsum | G40: =Consultants!G41 -> 452000 | H40: =Consultants!H41 -> Prior | I40: =Consultants!I41 -> 45434 | J40: Plan
J41: Revised
J42: Actual
B43: Total Cost | G43: =G32+G36 -> 1000000 | J43: Plan
G44: =G33+G37 -> 1000000 | J44: Revised
G45: =G34+G38 -> 0 | J45: Actual
B47: Note 1. (Supplementary information concerning Procurement of Consultants, or any other Special Procurement Arrangement)
H50: Page 1/X
